[Event "4NCL 2019-20"]
[Site "Daventry"]
[Date "2020.02.08"]
[Round "5"]
[White "Antoniewski, Rafal"]
[Black "Kilpatrick, Callum"]
[Result "1/2-1/2"]
[ECO "A05"]
[WhiteElo "2496"]
[BlackElo "2363"]
[Annotator "ChessBase"]
[PlyCount "113"]
[EventDate "2020.01.11"]
[EventCountry "ENG"]
[SourceTitle "playchess.com"]
[Source "ChessBase"]
[SourceQuality "1"]
[TimeControl "40/6000:3000+30"]

1. Nf3 Nf6 2. g3 g6 3. b3 Bg7 4. Bb2 O-O 5. Bg2 d5 6. c4 dxc4 7. bxc4 c5 8. O-O Nc6 9. d3 Bf5 10. Nbd2 Qc7 11. Rb1 Rad8 12. Bc3 b6 13. Qc1 e5 14. Qb2 Nd4 15. Rfe1 Rfe8 16. Ng5 Bg4 17. Nf1 h6 18. Ne4 Nxe4 19. dxe4 Qc8 20. Ne3 h5 21. Nd5 h4 22. f3 Bh3 23. e3 Nc6 24. gxh4 Ne7 25. Red1 Nxd5 26. exd5 Bxg2 27. Qxg2 Qf5 28. e4 Qh5 29. Qg4 Qh7 30. Kh1 Bf6 31. f4 Qh8 32. Rf1 Rd6 33. Rf3 Re7 34. Rbf1 exf4 35. Qxf4 Be5 36. Bxe5 Qxe5 37. Qxe5 Rxe5 38. Rxf7 Rd8 39. R7f4 Rde8 40. Re1 b5 41. cxb5 Rxd5 42. Rg1 Rd2 43. Rg3 g5 44. Rxg5+ Kh7 45. Rg2 Rd1+ 46. Rg1 Rd2 47. Rf5 Kh6 48. e5 c4 49. Rf6+ Kh7 50. Rf7+ Kh6 51. h5 Rxe5 52. Rg6+ Kxh5 53. Rg1 Kh6 54. Rf8 Kh7 55. Rf7+ Kh6 56. Rf6+ Kh7 57. Rf7+ 1/2-1/2

[Event "4NCL 2019-20"]
[Site "Daventry"]
[Date "2020.02.08"]
[Round "5"]
[White "Schneider, Dmitry"]
[Black "Reimanis, Ritvars"]
[Result "1/2-1/2"]
[ECO "B56"]
[WhiteElo "2475"]
[BlackElo "2370"]
[Annotator "ChessBase"]
[PlyCount "54"]
[EventDate "2020.01.11"]
[EventCountry "ENG"]
[SourceTitle "playchess.com"]
[Source "ChessBase"]
[SourceQuality "1"]
[TimeControl "40/6000:3000+30"]

1. e4 c5 2. Nf3 Nc6 3. d4 cxd4 4. Nxd4 Nf6 5. Nc3 d6 6. g3 e5 7. Nde2 Be6 8. Bg2 Be7 9. O-O Rc8 10. Nd5 Bxd5 11. exd5 Nb8 12. h3 Nbd7 13. a4 Qc7 14. c3 a5 15. g4 O-O 16. Ng3 Nb6 17. Nf5 Bd8 18. b3 g6 19. Nh6+ Kg7 20. c4 Nbd7 21. Be3 Ng8 22. Nxg8 Kxg8 23. f4 exf4 24. Bxf4 Bf6 25. Ra2 Qb6+ 26. Kh1 Be5 27. Bxe5 Nxe5 1/2-1/2

[Event "4NCL 2019-20"]
[Site "Daventry"]
[Date "2020.02.08"]
[Round "5"]
[White "Paehtz, Elisabeth"]
[Black "Clarke, Stuart W"]
[Result "1/2-1/2"]
[ECO "E00"]
[WhiteElo "2467"]
[BlackElo "2195"]
[Annotator "ChessBase"]
[PlyCount "93"]
[EventDate "2020.01.11"]
[EventCountry "ENG"]
[SourceTitle "playchess.com"]
[Source "ChessBase"]
[SourceQuality "1"]
[TimeControl "40/6000:3000+30"]

1. d4 e6 2. c4 Nf6 3. g3 Bb4+ 4. Bd2 a5 5. Bg2 d6 6. e3 Nc6 7. Ne2 e5 8. d5 Bxd2+ 9. Qxd2 Nb8 10. Nbc3 Na6 11. O-O O-O 12. f4 Nc5 13. fxe5 dxe5 14. e4 b6 15. Qg5 Qe7 16. Qe3 Ne8 17. b3 Nd6 18. Nc1 Bd7 19. Nd3 Nxd3 20. Qxd3 Nb7 21. Qe3 Qb4 22. Rfe1 a4 23. a3 Qc5 24. Qxc5 Nxc5 25. b4 Nb3 26. Ra2 g6 27. Bf1 h5 28. Rf2 Kg7 29. Nb1 f6 30. Re3 Nd4 31. Nc3 Rh8 32. h4 Rhe8 33. Kh2 c5 34. Re1 Bg4 35. Rb1 Nb3 36. Nxa4 Nd2 37. Rxd2 Rxa4 38. bxc5 bxc5 39. Rb7+ Kh6 40. Rc7 Rxa3 41. d6 Rd8 42. Bh3 Bf3 43. Bg2 Bg4 44. Bh3 Bf3 45. Kg1 Bxe4 46. d7 f5 47. Rc8 1/2-1/2

[Event "4NCL 2019-20"]
[Site "Daventry"]
[Date "2020.02.08"]
[Round "5"]
[White "Williams, Simon K"]
[Black "Ledger, Andrew J"]
[Result "1/2-1/2"]
[ECO "A30"]
[WhiteElo "2461"]
[BlackElo "2347"]
[Annotator "ChessBase"]
[PlyCount "38"]
[EventDate "2020.01.11"]
[EventCountry "ENG"]
[SourceTitle "playchess.com"]
[Source "ChessBase"]
[SourceQuality "1"]
[TimeControl "40/6000:3000+30"]

1. Nf3 Nf6 2. c4 c5 3. b3 g6 4. Bb2 Bg7 5. g3 b6 6. Bg2 Bb7 7. O-O O-O 8. e3 Nc6 9. d4 cxd4 10. Nxd4 Qc8 11. Nd2 Nxd4 12. Bxd4 Bxg2 13. Kxg2 Qc6+ 14. Qf3 Rfd8 15. Rad1 d5 16. cxd5 Qxd5 17. Bxf6 Qxf3+ 18. Kxf3 Bxf6 19. Ne4 Bb2 1/2-1/2

[Event "4NCL 2019-20"]
[Site "Daventry"]
[Date "2020.02.08"]
[Round "5"]
[White "Hebden, Mark L"]
[Black "Benhamida, Aisha"]
[Result "1-0"]
[ECO "B08"]
[WhiteElo "2434"]
[BlackElo "1577"]
[Annotator "ChessBase"]
[PlyCount "35"]
[EventDate "2020.01.11"]
[EventCountry "ENG"]
[SourceTitle "playchess.com"]
[Source "ChessBase"]
[SourceQuality "1"]
[TimeControl "40/6000:3000+30"]

1. d4 Nf6 2. Nc3 g6 3. e4 d6 4. Nf3 Bg7 5. Be3 O-O 6. Qd2 Nbd7 7. Bh6 a6 8. O-O-O Nb6 9. h3 Be6 10. Qg5 c6 11. Qh4 Qc7 12. Ng5 Nbd7 13. f4 Rfe8 14. Bxg7 Kxg7 15. e5 Nh5 16. g4 h6 17. Nxe6+ fxe6 18. gxh5 1-0

[Event "4NCL 2019-20"]
[Site "Daventry"]
[Date "2020.02.08"]
[Round "5"]
[White "Kirk, Ezra"]
[Black "Webb, Laurence E"]
[Result "1-0"]
[ECO "B12"]
[WhiteElo "2430"]
[BlackElo "2307"]
[Annotator "ChessBase"]
[PlyCount "65"]
[EventDate "2020.01.11"]
[EventCountry "ENG"]
[SourceTitle "playchess.com"]
[Source "ChessBase"]
[SourceQuality "1"]
[TimeControl "40/6000:3000+30"]

1. e4 c6 2. d4 d5 3. e5 c5 4. Nf3 cxd4 5. Nxd4 e6 6. c4 Bc5 7. Nb3 Bb6 8. Qg4 g6 9. c5 Bc7 10. Bg5 f6 11. exf6 Nxf6 12. Qh4 O-O 13. Nc3 Nbd7 14. Be2 Qe7 15. O-O Bd8 16. Rac1 a6 17. Rfe1 Qf7 18. Bf3 Be7 19. c6 bxc6 20. Nd4 Nb8 21. Na4 Bd8 22. Nc5 Bb6 23. Ndxe6 Bxe6 24. Rxe6 Ne4 25. Bxe4 Bxc5 26. Rf6 Qg7 27. Rxc5 dxe4 28. Rxf8+ Qxf8 29. Re5 Ra7 30. Qxe4 Qd6 31. Re8+ Kf7 32. Rd8 Qc7 33. Qe8+ 1-0

[Event "4NCL 2019-20"]
[Site "Daventry"]
[Date "2020.02.08"]
[Round "5"]
[White "Greet, Andrew N"]
[Black "Lee, Richard W Y"]
[Result "1-0"]
[ECO "E09"]
[WhiteElo "2425"]
[BlackElo "2130"]
[Annotator "NA"]
[PlyCount "69"]
[EventDate "2020.01.11"]
[EventCountry "ENG"]
[SourceTitle "playchess.com"]
[Source "ChessBase"]
[SourceQuality "1"]
[TimeControl "40/6000:3000+30"]

1. d4 d5 2. Nf3 Nf6 3. c4 e6 4. g3 Be7 5. Bg2 O-O 6. O-O c6 7. Qc2 Nbd7 8. Nbd2 b6 9. e4 Bb7 10. e5 Ne8 11. cxd5 cxd5 12. Re1 Rc8 13. Qa4 {[%emt 0:00:00] E09: Closed Catalan: Main Line: 7 Qc2 c6 8 Nbd2.} Bc6 14. Qb3 b5 15. Bf1 Qb6 16. Bd3 b4 {[%emt 0:00:48] [#]} 17. Qc2 $146 ({Predecessor:} 17. Nf1 h6 18. Bb1 Bb5 19. Ne3 f5 20. Ng2 Rf7 21. h4 Nf8 22. Be3 a5 23. Qd1 {1-0 (70) Kozul,Z (2576)-Kovacevic,B (2493) Vukovar 2005}) 17... g6 18. Nf1 Bb7 19. Qe2 Nb8 20. h4 Ba6 21. Bg5 Bxd3 22. Qxd3 f6 23. exf6 Bxf6 24. Rac1 Rxc1 25. Bxc1 Nc7 26. Bf4 (26. N1h2 $16) 26... Nb5 $1 27. Be3 Nc6 28. Rd1 a5 29. g4 Kh8 $16 (29... Qb7 $11) 30. Ng3 Bg7 31. Kg2 Rxf3 32. Kxf3 Nbxd4+ 33. Kg2 Qd8 34. Rc1 Qb6 35. Bxd4 1-0

[Event "4NCL 2019-20"]
[Site "Daventry"]
[Date "2020.02.08"]
[Round "5"]
[White "Sukandar, Irine Kharisma"]
[Black "Bukojemski, Adam"]
[Result "1-0"]
[ECO "A45"]
[WhiteElo "2408"]
[BlackElo "2201"]
[Annotator "ChessBase"]
[PlyCount "83"]
[EventDate "2020.01.11"]
[EventCountry "ENG"]
[SourceTitle "playchess.com"]
[Source "ChessBase"]
[SourceQuality "1"]
[TimeControl "40/6000:3000+30"]

1. d4 Nf6 2. Bf4 b5 3. e3 Bb7 4. Nf3 c5 5. dxc5 Nd5 6. Bg3 Qc8 7. Bxb5 Qxc5 8. Bd3 Nb4 9. O-O Nxd3 10. cxd3 d6 11. Nc3 g6 12. Rc1 Bg7 13. Qb3 Bc6 14. d4 Qb6 15. Nd2 Qxb3 16. Nxb3 a5 17. Nd2 Kd7 18. d5 Bb7 19. Na4 Ra6 20. e4 Rc8 21. Nc4 Kd8 22. Bf4 Nd7 23. Bd2 Rca8 24. Be3 f5 25. f3 Rb8 26. b3 Bc8 27. Kh1 Rb5 28. Rc2 Bf6 29. Rfc1 Bb7 30. Na3 Rb4 31. Bd2 Rd4 32. Nc4 Ke8 33. Nxa5 Rxd2 34. Nxb7 Rxc2 35. Rxc2 Bd4 36. Rc8+ Kf7 37. Nd8+ Kf6 38. Nc6 Ba1 39. Rc7 Ne5 40. Nb4 Ra5 41. Nc2 Bb2 42. Nxb2 1-0

[Event "4NCL 2019-20"]
[Site "Daventry"]
[Date "2020.02.08"]
[Round "5"]
[White "Houska, Jovanka"]
[Black "O'Toole, George E"]
[Result "1-0"]
[ECO "B07"]
[WhiteElo "2401"]
[BlackElo "2252"]
[Annotator "NA"]
[PlyCount "70"]
[EventDate "2020.01.11"]
[EventCountry "ENG"]
[SourceTitle "playchess.com"]
[Source "ChessBase"]
[SourceQuality "1"]
[TimeControl "40/6000:3000+30"]

1. d4 Nf6 2. Nf3 g6 3. Nbd2 Bg7 4. e4 d6 5. Bb5+ c6 6. Bd3 O-O 7. O-O c5 8. c3 cxd4 9. cxd4 Nc6 {[%emt 0:03:23] B07: Pirc Defence: Miscellaneous Systems.} 10. d5 Nb4 11. Bc4 a5 12. Re1 {[%emt 0:01:56] [#]} a4 $146 ({Predecessor:} 12... Bg4 13. a3 Na6 14. h3 Bxf3 15. Nxf3 Nc5 16. e5 dxe5 17. Nxe5 Nfe4 18. Bf4 Qb6 19. Re2 Rac8 {½-½ (18) Horvath,C (2510)-Gledura,B (2621) Budapest 2018}) 13. a3 Na6 14. Qxa4 Bd7 15. Qd1 b5 16. Bd3 Qc7 17. Nb3 Ng4 18. h3 Ne5 19. Nxe5 Bxe5 20. Qe2 Rfb8 (20... Nc5 $14 21. Qc2 Rfc8) 21. Be3 h5 22. Rec1 Qd8 23. Nd4 Nc5 24. Nc6 Bxc6 25. dxc6 Bxb2 26. Qxb2 Nxd3 27. Qc2 Nc5 $16 28. Bxc5 dxc5 29. Qxc5 Qc7 30. Rab1 Ra5 31. Rb4 Rb6 32. a4 Rxa4 33. Rxa4 bxa4 34. Qxb6 Qxb6 35. c7 Qb1 1-0

[Event "4NCL 2019-20"]
[Site "Daventry"]
[Date "2020.02.08"]
[Round "5"]
[White "Wells, Peter K"]
[Black "Maciol, Ryszard"]
[Result "1-0"]
[ECO "E59"]
[WhiteElo "2390"]
[BlackElo "2158"]
[Annotator "ChessBase"]
[PlyCount "71"]
[EventDate "2020.01.11"]
[EventCountry "ENG"]
[SourceTitle "playchess.com"]
[Source "ChessBase"]
[SourceQuality "1"]
[TimeControl "40/6000:3000+30"]

1. d4 e6 2. c4 Nf6 3. Nc3 Bb4 4. e3 c5 5. Bd3 O-O 6. Nf3 d5 7. O-O dxc4 8. Bxc4 Nc6 9. a3 Bxc3 10. bxc3 Qc7 11. Bb2 e5 12. h3 Bf5 13. Ba2 Rad8 14. Qe2 Rfe8 15. Rfd1 e4 16. Nh2 Nd7 17. c4 cxd4 18. exd4 Nb6 19. Rac1 Qe7 20. Qe3 Rd7 21. Nf1 Bg6 22. Ba1 Qh4 23. d5 Ne5 24. c5 Nc8 25. Ng3 Rde7 26. d6 Rd7 27. Qc3 Kh8 28. Bd5 f5 29. Bxb7 Rxb7 30. c6 Rf7 31. d7 Rd8 32. dxc8=Q Nf3+ 33. gxf3 Rxc8 34. Rd7 Rxd7 35. cxd7 Rg8 36. Qxg7+ 1-0

[Event "4NCL 2019-20"]
[Site "Daventry"]
[Date "2020.02.08"]
[Round "5"]
[White "Rendle, Thomas E"]
[Black "Kanyamarala, Tarun"]
[Result "1/2-1/2"]
[ECO "B23"]
[WhiteElo "2361"]
[BlackElo "2349"]
[Annotator "NA"]
[PlyCount "54"]
[EventDate "2020.01.11"]
[EventCountry "ENG"]
[SourceTitle "playchess.com"]
[Source "ChessBase"]
[SourceQuality "1"]
[TimeControl "40/6000:3000+30"]

1. e4 c5 2. Nc3 Nc6 3. Bb5 Nd4 4. Nf3 a6 5. Bd3 Nc6 6. O-O d6 7. Nd5 g6 8. c3 Bg7 9. Bc2 Bg4 10. h3 Bxf3 11. Qxf3 Nf6 12. Nxf6+ Bxf6 13. d3 O-O $11 14. Be3 b5 15. a3 Qd7 16. Rad1 Rac8 17. Bb1 b4 18. d4 cxd4 19. cxd4 bxa3 20. bxa3 Na5 21. Bc1 Qa4 22. Qd3 Rc4 23. Be3 Rfc8 24. Ba2 Rc2 25. Qxa6 R8c6 26. Qa8+ Rc8 27. Qa6 R8c6 1/2-1/2

[Event "4NCL 2019-20"]
[Site "Daventry"]
[Date "2020.02.08"]
[Round "5"]
[White "Griffiths, Ryan Rhys"]
[Black "Mitchell, Martin"]
[Result "1-0"]
[ECO "A14"]
[WhiteElo "2354"]
[BlackElo "2207"]
[Annotator "ChessBase"]
[PlyCount "103"]
[EventDate "2020.01.11"]
[EventCountry "ENG"]
[SourceTitle "playchess.com"]
[Source "ChessBase"]
[SourceQuality "1"]
[TimeControl "40/6000:3000+30"]

1. c4 Nf6 2. g3 e6 3. Bg2 d5 4. Nf3 Be7 5. O-O O-O 6. b3 c5 7. cxd5 Nxd5 8. Bb2 Bf6 9. Qc1 b6 10. Nc3 Nxc3 11. Bxc3 Bb7 12. Rd1 Nc6 13. e3 Bxc3 14. Qxc3 Qe7 15. a3 Rfd8 16. Rab1 Rac8 17. d3 Rd7 18. Rd2 Ba6 19. Ne1 Bb7 20. b4 cxb4 21. axb4 Nd4 22. Qa1 Bxg2 23. Kxg2 Nf5 24. Nf3 Rdc7 25. Ra2 Nd6 26. b5 f6 27. d4 Qd7 28. Qb2 Nc4 29. Qe2 Qd5 30. e4 Qb7 31. Re1 Na5 32. g4 Rc3 33. Rd2 Nb3 34. Rdd1 Nc1 35. Qd2 Nd3 36. Re3 Nf4+ 37. Kf1 Rc2 38. Qb4 Nh3 39. Nd2 Nf4 40. Qb3 Qc7 41. d5 exd5 42. exd5 Kh8 43. d6 Qd7 44. Re7 Qxg4 45. Qf3 Qxf3 46. Nxf3 Ng6 47. Rxa7 Rc1 48. Rxc1 Rxc1+ 49. Ke2 Rc8 50. Nd4 Re8+ 51. Kf1 Nf8 52. Nc6 1-0

[Event "4NCL 2019-20"]
[Site "Daventry"]
[Date "2020.02.08"]
[Round "5"]
[White "Bates, Richard A"]
[Black "Astaneh Lopez, Alex"]
[Result "1/2-1/2"]
[ECO "D76"]
[WhiteElo "2351"]
[BlackElo "2441"]
[Annotator "ChessBase"]
[PlyCount "88"]
[EventDate "2020.01.11"]
[EventCountry "ENG"]
[SourceTitle "playchess.com"]
[Source "ChessBase"]
[SourceQuality "1"]
[TimeControl "40/6000:3000+30"]

1. d4 Nf6 2. Nf3 g6 3. g3 Bg7 4. c4 d5 5. cxd5 Nxd5 6. Bg2 Nb6 7. O-O Nc6 8. e3 O-O 9. Nc3 e5 10. d5 Na5 11. e4 c6 12. h3 cxd5 13. exd5 Re8 14. Re1 Nac4 15. b3 Nd6 16. Bg5 f6 17. Be3 Bd7 18. Rc1 Rc8 19. a4 Bf8 20. g4 Bg7 21. Re2 e4 22. Nd4 f5 23. Rec2 Qf6 24. g5 Qe7 25. a5 Na8 26. Nce2 Nf7 27. h4 Rxc2 28. Rxc2 Qa3 29. Ne6 Be5 30. Bf4 Qd6 31. Bxe5 Nxe5 32. Qd4 b6 33. a6 Bxe6 34. dxe6 Qxe6 35. Rc3 Nd3 36. Rxd3 exd3 37. Bd5 dxe2 38. Bxe6+ Rxe6 39. Qd8+ Kf7 40. Qd7+ Re7 41. Qd5+ Kf8 42. Qd8+ Re8 43. Qd6+ Kf7 44. Qd7+ Re7 1/2-1/2

[Event "4NCL 2019-20"]
[Site "Daventry"]
[Date "2020.02.08"]
[Round "5"]
[White "Macklin, Paul"]
[Black "Turner, Matthew J"]
[Result "1/2-1/2"]
[ECO "C54"]
[WhiteElo "2341"]
[BlackElo "2521"]
[Annotator "RC"]
[PlyCount "35"]
[EventDate "2020.01.11"]
[EventCountry "ENG"]
[SourceTitle "playchess.com"]
[Source "ChessBase"]
[SourceQuality "1"]
[TimeControl "40/6000:3000+30"]

1. e4 e5 2. Nf3 Nc6 3. Bc4 Bc5 4. c3 Nf6 5. d3 O-O 6. Bb3 d6 7. O-O h6 8. Nbd2 a6 9. h3 Ba7 10. Re1 Be6 11. Nf1 Bxb3 12. Qxb3 Rb8 13. Be3 Bxe3 14. Nxe3 Kh7 15. Rad1 Qc8 16. Nd5 Nxd5 17. exd5 Ne7 18. d4 1/2-1/2

[Event "4NCL 2019-20"]
[Site "Daventry"]
[Date "2020.02.08"]
[Round "5"]
[White "Rogers, Jonathan W"]
[Black "Ivell, Nicholas W"]
[Result "1/2-1/2"]
[ECO "D34"]
[WhiteElo "2335"]
[BlackElo "2177"]
[Annotator "ChessBase"]
[PlyCount "62"]
[EventDate "2020.01.11"]
[EventCountry "ENG"]
[SourceTitle "playchess.com"]
[Source "ChessBase"]
[SourceQuality "1"]
[TimeControl "40/6000:3000+30"]

1. d4 d5 2. Nf3 e6 3. c4 c5 4. cxd5 exd5 5. g3 Nc6 6. Bg2 Nf6 7. O-O Be7 8. Nc3 O-O 9. Be3 c4 10. Ne5 Be6 11. Nxc4 dxc4 12. d5 Nxd5 13. Nxd5 Bd6 14. Qa4 Be5 15. Rad1 Rb8 16. Qxc4 Qa5 17. b4 Qa4 18. f4 Bd6 19. f5 Bxd5 20. Qxd5 Bxb4 21. f6 Rfd8 22. Qg5 g6 23. Bd5 Bf8 24. Rd2 Nb4 25. Bb3 Qc6 26. Rfd1 Rxd2 27. Rxd2 Re8 28. Bf2 Qc1+ 29. Kg2 Qc6+ 30. Kg1 Qc1+ 31. Kg2 Qc6+ 1/2-1/2

[Event "4NCL 2019-20"]
[Site "Daventry"]
[Date "2020.02.08"]
[Round "5"]
[White "Ansell, Simon T"]
[Black "Arkell, Keith C"]
[Result "1/2-1/2"]
[ECO "A45"]
[WhiteElo "2334"]
[BlackElo "2460"]
[Annotator "ChessBase"]
[PlyCount "115"]
[EventDate "2020.01.11"]
[EventCountry "ENG"]
[SourceTitle "playchess.com"]
[Source "ChessBase"]
[SourceQuality "1"]
[TimeControl "40/6000:3000+30"]

1. d4 Nf6 2. Bf4 c5 3. dxc5 Na6 4. Qd4 Qa5+ 5. c3 Qxc5 6. e3 b6 7. Nf3 Bb7 8. Nbd2 g6 9. Be5 Bg7 10. Bxa6 Bxa6 11. Bxf6 Bxf6 12. Qxc5 bxc5 13. Ne4 d6 14. Nxf6+ exf6 15. O-O-O Ke7 16. Rhe1 Bc4 17. Kb1 a5 18. e4 Rhe8 19. Re3 Ra6 20. Nd2 Be6 21. Nf1 Kd7 22. Ng3 Kc7 23. Rd2 Bd7 24. Kc1 Bc6 25. Rf3 f5 26. Re2 Re7 27. Rf4 fxe4 28. f3 f5 29. fxe4 fxe4 30. c4 Ra8 31. Kd2 Rb8 32. Ke3 Rb4 33. Rc2 a4 34. Nf1 Rb8 35. Nd2 Rd8 36. h4 Kb6 37. Rf6 Re5 38. Rc1 Rh5 39. g3 Re5 40. b3 Re7 41. g4 Kc7 42. Rf4 axb3 43. axb3 Ra8 44. Rcf1 d5 45. cxd5 Bxd5 46. Rc1 Kb6 47. Rf6+ Kb5 48. Rd6 Bb7 49. Nc4 Ra6 50. Ra1 Rxd6 51. Nxd6+ Kc6 52. Nc4 Bc8 53. g5 Be6 54. Ra6+ Kb7 55. Rb6+ Kc7 56. Rb5 Kc6 57. Rb6+ Kc7 58. Rb5 1/2-1/2

[Event "4NCL 2019-20"]
[Site "Daventry"]
[Date "2020.02.08"]
[Round "5"]
[White "Li, Henry"]
[Black "Batchelor, Peter J"]
[Result "1/2-1/2"]
[ECO "B12"]
[WhiteElo "2310"]
[BlackElo "2318"]
[Annotator "ChessBase"]
[PlyCount "108"]
[EventDate "2020.01.11"]
[EventCountry "ENG"]
[SourceTitle "playchess.com"]
[Source "ChessBase"]
[SourceQuality "1"]
[TimeControl "40/6000:3000+30"]

1. e4 c6 2. d4 d5 3. e5 Bf5 4. h4 h5 5. Bd3 Bxd3 6. Qxd3 Qa5+ 7. Nd2 e6 8. Ngf3 Qa6 9. c4 Nh6 10. O-O Nf5 11. b3 Be7 12. a4 O-O 13. Ba3 Bxa3 14. Rxa3 Rd8 15. b4 dxc4 16. Nxc4 Nd7 17. Rb1 b6 18. b5 Qb7 19. Qe4 Rac8 20. Ne3 Nxe3 21. fxe3 Rc7 22. Ng5 Nf8 23. Qf3 cxb5 24. Qxb7 Rxb7 25. axb5 f6 26. Nf3 Ng6 27. exf6 gxf6 28. e4 Rc7 29. Rba1 Rdd7 30. R1a2 f5 31. exf5 exf5 32. Kf2 f4 33. Re2 Rd5 34. Re8+ Kf7 35. Ra8 Rc2+ 36. Kg1 Rxb5 37. R3xa7+ Kf6 38. Ra2 Rb1+ 39. Kh2 Rcc1 40. g3 Rc3 41. R8a3 Rbb3 42. Rxb3 Rxb3 43. Kg2 Kf5 44. d5 Rd3 45. Rb2 Ne5 46. Nxe5 Rxg3+ 47. Kf2 Kxe5 48. Rxb6 Kxd5 49. Rb5+ Ke4 50. Rxh5 Ra3 51. Rb5 Ra2+ 52. Kf1 Kf3 53. Rb3+ Kg4 54. h5 Kxh5 1/2-1/2

[Event "4NCL 2019-20"]
[Site "Daventry"]
[Date "2020.02.08"]
[Round "5"]
[White "O'Donnell, Conor"]
[Black "Hodgson, John H"]
[Result "1-0"]
[ECO "D70"]
[WhiteElo "2307"]
[BlackElo "2082"]
[Annotator "ChessBase"]
[PlyCount "67"]
[EventDate "2020.01.11"]
[EventCountry "ENG"]
[SourceTitle "playchess.com"]
[Source "ChessBase"]
[SourceQuality "1"]
[TimeControl "40/6000:3000+30"]

1. d4 Nf6 2. c4 g6 3. f3 d5 4. cxd5 Nxd5 5. e4 Nb6 6. Nc3 Bg7 7. Be3 O-O 8. Qd2 e5 9. d5 c6 10. h4 cxd5 11. exd5 N8d7 12. h5 Nf6 13. hxg6 fxg6 14. O-O-O Re8 15. Nh3 Bxh3 16. Rxh3 Rc8 17. Kb1 Nc4 18. Bxc4 Rxc4 19. Bg5 Rd4 20. Qc2 Qd7 21. Bxf6 Bxf6 22. Rdh1 Rc8 23. Qb3 b6 24. d6+ Kh8 25. Ne4 Bd8 26. Rxh7+ Qxh7 27. Rxh7+ Kxh7 28. Qf7+ Kh6 29. Qf8+ Kh7 30. a3 Rd1+ 31. Ka2 a5 32. Ng5+ Bxg5 33. Qxc8 Bf6 34. Qc7+ 1-0

[Event "4NCL 2019-20"]
[Site "Daventry"]
[Date "2020.02.08"]
[Round "5"]
[White "Golding, Alex"]
[Black "Jaracz, Pawel"]
[Result "1/2-1/2"]
[ECO "B12"]
[WhiteElo "2306"]
[BlackElo "2469"]
[Annotator "ChessBase"]
[PlyCount "92"]
[EventDate "2020.01.11"]
[EventCountry "ENG"]
[SourceTitle "playchess.com"]
[Source "ChessBase"]
[SourceQuality "1"]
[TimeControl "40/6000:3000+30"]

1. e4 c6 2. d4 d5 3. e5 c5 4. c4 cxd4 5. Qxd4 e6 6. cxd5 Nc6 7. Bb5 Qxd5 8. Qxd5 exd5 9. Nf3 Bc5 10. Nc3 Nge7 11. Bg5 Be6 12. O-O a6 13. Bxc6+ Nxc6 14. Rfd1 h6 15. Bh4 g5 16. Bg3 Rd8 17. Rac1 Ba7 18. b3 O-O 19. Rd2 Ne7 20. Ne2 Rc8 21. Rxc8 Rxc8 22. h4 g4 23. Nfd4 Nc6 24. Bf4 Nxd4 25. Nxd4 Bxd4 26. Rxd4 h5 27. Bg5 Rc2 28. Rd2 Rxd2 29. Bxd2 Kh7 30. Bc3 Kg6 31. f3 gxf3 32. gxf3 Kf5 33. Kf2 Kf4 34. Bd4 Bf5 35. b4 Bc2 36. Ke2 Ba4 37. a3 Bc2 38. Bc3 Ba4 39. Bd4 Bd7 40. Kf2 Bb5 41. Bc3 Bd3 42. Bd4 Bc2 43. Ke2 Kg3 44. Bf2+ Kg2 45. Bc5 Kg3 46. Bf2+ Kf4 1/2-1/2

[Event "4NCL 2019-20"]
[Site "Daventry"]
[Date "2020.02.08"]
[Round "5"]
[White "Ciuksyte, Dagne"]
[Black "Bulmaga, Irina"]
[Result "1/2-1/2"]
[ECO "B87"]
[WhiteElo "2295"]
[BlackElo "2453"]
[Annotator "ChessBase"]
[PlyCount "106"]
[EventDate "2020.01.11"]
[EventCountry "ENG"]
[SourceTitle "playchess.com"]
[Source "ChessBase"]
[SourceQuality "1"]
[TimeControl "40/6000:3000+30"]

1. e4 c5 2. Nf3 d6 3. d4 cxd4 4. Nxd4 Nf6 5. Nc3 a6 6. Bc4 e6 7. O-O b5 8. Bb3 Be7 9. f4 O-O 10. f5 e5 11. Nde2 Bb7 12. Ng3 Nbd7 13. Bg5 b4 14. Bxf6 Nxf6 15. Nd5 Bxd5 16. Bxd5 Rc8 17. Bb3 d5 18. exd5 Bc5+ 19. Kh1 Bd4 20. Rb1 a5 21. Nh5 Rc5 22. a4 Re8 23. Re1 g6 24. fxg6 hxg6 25. Nxf6+ Qxf6 26. Rf1 Qd6 27. Qf3 Rc7 28. Qf6 Qxf6 29. Rxf6 e4 30. Rc6 Rxc6 31. dxc6 e3 32. Bc4 Kf8 33. g3 Bb6 34. Rd1 Rc8 35. Bb5 Ke7 36. Kg2 Ke6 37. Kf3 g5 38. Bc4+ Ke5 39. Rd5+ Kf6 40. Bb5 g4+ 41. Kxg4 Rxc6 42. Kf3 Re6 43. Ke2 Ke7 44. Bd3 Rf6 45. Bf5 Rd6 46. Rxd6 Kxd6 47. c3 Bc5 48. h4 Kd5 49. Bd3 Bd6 50. g4 bxc3 51. bxc3 Be5 52. Bb1 Bxc3 53. Kxe3 Ke5 {[%emt 0:00:17] Ke4+} 1/2-1/2

[Event "4NCL 2019-20"]
[Site "Daventry"]
[Date "2020.02.08"]
[Round "5"]
[White "Delaney, Killian"]
[Black "Roberson, Peter T"]
[Result "1/2-1/2"]
[ECO "A14"]
[WhiteElo "2287"]
[BlackElo "2435"]
[Annotator "ChessBase"]
[PlyCount "83"]
[EventDate "2020.01.11"]
[EventCountry "ENG"]
[SourceTitle "playchess.com"]
[Source "ChessBase"]
[SourceQuality "1"]
[TimeControl "40/6000:3000+30"]

1. Nf3 Nf6 2. c4 e6 3. g3 d5 4. Bg2 Be7 5. O-O O-O 6. b3 d4 7. e3 c5 8. exd4 cxd4 9. d3 Nc6 10. Re1 Nd7 11. Ba3 a5 12. Bxe7 Qxe7 13. Nbd2 e5 14. Nxe5 Ndxe5 15. Bxc6 bxc6 16. f4 f6 17. fxe5 fxe5 18. Qe2 Bh3 19. Qxe5 Qf7 20. Qxd4 Rad8 21. Qf4 Qxf4 22. gxf4 Rxf4 23. Re4 Rf6 24. d4 Rg6+ 25. Kf2 Rg2+ 26. Ke3 Rxh2 27. Rg1 Bf5 28. Re5 Rh3+ 29. Kf2 Rxd4 30. Nf3 Rf4 31. Rg3 Rxg3 32. Kxg3 Rg4+ 33. Kf2 g6 34. Rxa5 h5 35. Ne5 Rf4+ 36. Kg3 g5 37. Nf3 Kg7 38. Rc5 Kg8 39. Kf2 Kg7 40. Kg3 Rg4+ 41. Kf2 Rf4 42. Kg3 1/2-1/2

[Event "4NCL 2019-20"]
[Site "Daventry"]
[Date "2020.02.08"]
[Round "5"]
[White "Abbas, Daniel"]
[Black "Pert, Nicholas"]
[Result "0-1"]
[ECO "B31"]
[WhiteElo "2251"]
[BlackElo "2558"]
[Annotator "ChessBase"]
[PlyCount "86"]
[EventDate "2020.01.11"]
[EventCountry "ENG"]
[SourceTitle "playchess.com"]
[Source "ChessBase"]
[SourceQuality "1"]
[TimeControl "40/6000:3000+30"]

1. e4 c5 2. Nf3 Nc6 3. Bb5 g6 4. Bxc6 dxc6 5. d3 Bg7 6. h3 Nf6 7. Nc3 Nd7 8. Be3 e5 9. O-O b6 10. Nh2 Nf8 11. f4 exf4 12. Rxf4 Be6 13. Rf2 Qe7 14. a4 Nd7 15. Qd2 h6 16. Nf3 O-O-O 17. a5 b5 18. d4 cxd4 19. Nxd4 Nb8 20. Rf3 c5 21. Ncxb5 a6 22. Qf2 cxd4 23. Bxd4 Bxd4 24. Nxd4 Rd7 25. Raa3 Rhd8 26. Rfd3 Bc4 27. Rac3 Rc7 28. Rf3 Qxe4 29. Rf4 Qe5 30. Re3 Qxa5 31. b3 Bd5 32. Re5 Qc3 33. Re3 Qc5 34. c4 g5 35. Rf5 Qxd4 36. cxd5 Rxd5 37. Rxd5 Qxd5 38. Qf6 Qc5 39. Qf2 Re7 40. Rxe7 Qxe7 41. Qd4 Qe6 42. b4 Kb7 43. Kh1 Nc6 0-1

[Event "4NCL 2019-20"]
[Site "Daventry"]
[Date "2020.02.08"]
[Round "5"]
[White "Chapman, Terry P D"]
[Black "Toma, Katarzyna"]
[Result "1/2-1/2"]
[ECO "D90"]
[WhiteElo "2241"]
[BlackElo "2293"]
[Annotator "ChessBase"]
[PlyCount "56"]
[EventDate "2020.01.11"]
[EventCountry "ENG"]
[SourceTitle "playchess.com"]
[Source "ChessBase"]
[SourceQuality "1"]
[TimeControl "40/6000:3000+30"]

1. Nf3 Nf6 2. c4 g6 3. Nc3 d5 4. cxd5 Nxd5 5. Qb3 Nb6 6. d4 Bg7 7. Bf4 O-O 8. Rd1 Be6 9. Qa3 c6 10. e4 N8d7 11. h4 h5 12. Ng5 Bc4 13. Bxc4 Nxc4 14. Qb3 b5 15. e5 Ndb6 16. Qc2 Nd5 17. Nxd5 Qxd5 18. O-O f6 19. Nf3 Kh7 20. Rfe1 Rfd8 21. Rc1 Rac8 22. b3 Nb6 23. Qb1 Qd7 24. e6 Qb7 25. Re5 fxe5 26. Ng5+ Kh6 27. Nf7+ Kh7 28. Ng5+ Kh6 1/2-1/2